 Dungeon Crawl Stone Soup version 0.20-a0-640-g62ed22f (webtiles) character file.

117 polly the Slasher (level 4, 0/34 HPs)
             Began as a Demonspawn Gladiator on Feb 13, 2017.
             Slain by an orc
             ... wielding a +0 trident
              (8 damage)
             ... on level 3 of the Dungeon.
             The game lasted 00:03:22 (1944 turns).

polly the Slasher (Demonspawn Gladiator)            Turns: 1944, Time: 00:03:22

Health: 0/34       AC:  6    Str: 16    XL:     4   Next: 71%
Magic:  4/4        EV: 13    Int:  9    God:
Gold:   115        SH:  0    Dex: 14    Spells: 3/3 levels left

rFire    . . .     SeeInvis .   a - +1 long sword
rCold    . . .     Gourm    .   b - +0 leather armour
rNeg     . . .     Faith    .   (no shield)
rPois    .         Spirit   .   c - +0 helmet
rElec    .         Reflect  .   (no cloak)
rCorr    .         Harm     .   (no gloves)
MR       .....                  (no boots)
Stlth    +.........             (no amulet)
Regen    0.2/turn               (no ring)
MPRegen  0.1/turn               (no ring)

@: drained
A: thin metallic scales 1, spiny 2
a: no special abilities


You were on level 3 of the Dungeon.
You were not hungry.

You visited 1 branch of the dungeon, and saw 3 of its levels.

You collected 115 gold pieces.

Inventory:

Hand Weapons
 a - a +1 long sword (weapon)
Missiles
 d - 3 throwing nets (quivered)
Armour
 b - a +0 leather armour (worn)
 c - a +0 helmet (worn)
Scrolls
 h - 4 scrolls of identify
 n - 2 scrolls of enchant armour {unknown}
 p - a scroll of immolation {unknown}
 q - a scroll of remove curse
Potions
 e - a potion of berserk rage {unknown}
 j - a potion of invisibility {unknown}
 k - a potion of magic
 l - a potion of heal wounds {unknown}
 o - 2 potions of lignification {unknown}
Books
 m - a book of Changes

   Spells                             Type                      Level
   a - Beastly Appendage              Transmutation                1
   b - Sticks to Snakes               Transmutation                2
   c - Spider Form                    Transmutation/Poison         3
   d - Ice Form                       Ice/Transmutation            4
   e - Blade Hands                    Transmutation                5
Comestibles
 f - 3 bread rations
 g - 3 meat rations
 i - 3 fruits
 r - a royal jelly


   Skills:
 + Level 2.4(2.3) Fighting
 + Level 4.0 Long Blades
 + Level 2.0(1.9) Throwing
 + Level 0.6 Armour
 + Level 3.3 Dodging
 + Level 0.4(0.3) Stealth


You had 3 spell levels left.
You didn't know any spells.

Dungeon Overview and Level Annotations

Branches:
Dungeon (3/15)

Altars:
The Shining One


Innate Abilities, Weirdness & Mutations

You are partially covered in thin metallic scales. (AC +2)
You are mostly covered in sharp spines.


Message History

The orc barely misses you. The worker ant zombie misses you.
The orc closely misses you.
You hit the worker ant zombie.
The worker ant zombie is severely damaged.
The worker ant zombie bites you but does no damage.
The orc hits you but does no damage.
You slash the worker ant zombie!
The worker ant zombie is almost destroyed.
The worker ant zombie bites you but does no damage.
The orc closely misses you.
You hit the worker ant zombie.
You destroy the worker ant zombie!
Your Long Blades skill increases to level 4!
The orc hits you from afar with a trident!
* * * LOW HITPOINT WARNING * * *
The orc is struck by your spines. The orc closely misses you.
Things that are here:
a club; a leather armour The orc is struck by your spines.
The orc hits you with a trident!
You die...

...##.#########
######### #.## ......#
#.......# #.## (######
#######.#####.####.#. ##
#..........##.......(
####.#####.##.##..###.#.
#.....%.##........# #.##
#.......#####.....# #.#
#.##.##)# ##........# #.
#..o@# #.######## #
#..†.# #.# #...... ...
#......... ....
###.......# ....
###...### #...# ##.##


You could see an orc.

Vanquished Creatures
  A worker ant zombie (D:3)
  4 adders
  A shadow imp (D:3)
  A dart slug (D:1)
  2 leopard geckos (D:3)
  3 orcs (D:3)
  5 giant cockroaches
  10 hobgoblins
  9 kobolds
  6 bats
  4 frilled lizards
  3 goblins
  9 rats
58 creatures vanquished.

Notes
Turn   | Place    | Note
-------+----------+-------------------------------------------
     0 | D:1      | polly the Demonspawn Gladiator began the quest for the Orb.
     0 | D:1      | Reached XP level 1. HP: 16/16 MP: 1/1
    85 | D:1      | Found a glowing golden altar of the Shining One.
   137 | D:1      | Gained mutation: You are partially covered in sharp spines. [demonic ancestry]
   137 | D:1      | Reached XP level 2. HP: 19/22 MP: 2/2
   322 | D:1      | Reached skill level 3 in Long Blades
   739 | D:1      | Gained mutation: You are partially covered in thin metallic scales. (AC +2) [demonic ancestry]
   739 | D:1      | Reached XP level 3. HP: 27/27 MP: 3/3
  1500 | D:3      | Gained mutation: You are mostly covered in sharp spines. [demonic ancestry]
  1500 | D:3      | Reached XP level 4. HP: 13/33 MP: 4/4
  1942 | D:3      | Reached skill level 4 in Long Blades
  1944 | D:3      | Slain by an orc

Vault maps used:
D:1:      saegor_arrival_simple_a, minmay_misc_feat_encased, tso_metal_star

Skill      XL: |  1  2  3  4 |
---------------+-------------+-----
Dodging        | 3 |  3.3
Long Blades    | 3 4 |  4.0
Throwing       | 2 |  2.0
Fighting       | |  2.4
Armour         | |  0.6
Stealth        | |  0.4

Action                   |  1- 3 |  4- 6 || total
-------------------------+-------+-------++-------
Melee: Long sword        |    96 |    20 ||   116
  Use: Scroll            |     4 |       ||     4
  Eat: Meat ration       |       |     1 ||     1
Armor: Leather armour    |    29 |    10 ||    39
Dodge: Dodged            |    62 |    20 ||    82
       Rpst.: Long sword |    15 |     3 ||    18
